 Dungeon Crawl Stone Soup version 0.27.1-3-gb3d3a73c9e (webtiles) character file.

Game seed: 440434854096076846

39 sking99 the Ruffian (level 3, -1/33 HPs)
             Began as a Ghoul Monk on Oct 13, 2021.
             Slain by an orc (2 damage)
             ... on level 3 of the Dungeon.
             The game lasted 00:03:03 (1959 turns).

sking99 the Ruffian (Ghoul Monk)                    Turns: 1959, Time: 00:03:04

Health: -1/33      AC:  5    Str: 15    XL:     3   Next: 47%
Magic:  2/2        EV:  8    Int:  5    God:
Gold:   29         SH:  7    Dex: 11    Spells: 2/2 levels left

rFire    . . .     SeeInvis .     - Unarmed
rCold    + . .     Faith    .   d - +0 kite shield
rNeg     + + +     Spirit   .   k - +0 ring mail
rPois    ∞         Reflect  .   (no helmet)
rElec    .         Harm     .   (no cloak)
rCorr    .         Rampage  .   (no gloves)
Will     .....                  (no boots)
Stlth    +.........             (no amulet)
HPRegen  0.00/turn              (no ring)
MPRegen  0.08/turn              (no ring)

@: inhibited regen
A: claws 1, cold resistance 1, negative energy resistance 3, inhibited
regeneration, torment resistance 2
a: no special abilities


You were on level 3 of the Dungeon.
You visited 1 branch of the dungeon, and saw 3 of its levels.

You collected 29 gold pieces.

Inventory:

Armour
 d - a +0 kite shield (worn)
 k - a +0 ring mail (worn)
Jewellery
 i - a +6 ring of intelligence
Scrolls
 c - a scroll of enchant weapon {unknown}
 e - 3 scrolls of identify {unknown}
 f - 2 scrolls of fear {unknown}
 h - a scroll of noise {unknown}
 j - a scroll of teleportation {unknown}
Potions
 a - 2 potions of brilliance {unknown}
 b - a potion of flight {unknown}


   Skills:
 - Level 3.7 Fighting
 - Level 3.0 Dodging
 - Level 2.1 Stealth
 + Level 0.2 Shields
 * Level 4.2 Unarmed Combat


You had 2 spell levels left.
You didn't know any spells.
Your spell library was empty.

Dungeon Overview and Level Annotations

Branches:
Dungeon (3/15)

Altars:


Innate Abilities, Weirdness & Mutations

You thrive by killing the living.
You are immune to poison.
You have sharp fingernails.
Your flesh is cold resistant. (rC+)
You are immune to negative energy. (rN+++)
You do not regenerate when monsters are visible.
You are immune to unholy pain and torment.


Message History

Done exploring.
Done exploring.
Done exploring.
There is a stone staircase leading down here.
You climb downwards.
There is a stone staircase leading up here.
The kobold shouts!
The kobold hits you but does no damage.
You barely miss the kobold. You block the kobold's attack.
You scratch the kobold.
You kill the kobold!
No target in view!
No target in view!
You see here a +0 dagger.
An orc and an orc priest come into view.
There are monsters nearby!
There are monsters nearby!
The orc priest shouts!
You hear a shout!
An orc comes into view. It is wielding a +0 trident.
You hear a shout!
The orc priest mumbles some strange prayers to Beogh against you.
Beogh smites you!
You scratch the orc priest but do no damage.
You block the orc priest's attack.
You barely miss the orc priest.
An orc comes into view. It is wielding a +0 mace.
The orc priest barely misses you.
You barely miss the orc priest.
The orc priest hits you with a +0 hand axe.
The orc priest calls down the wrath of Beogh upon you.
Beogh smites you!
* * * LOW HITPOINT WARNING * * *
You scratch the orc priest but do no damage.
The orc hits you from afar with a +0 trident.
* * * LOW HITPOINT WARNING * * *
The orc priest closely misses you.
You scratch the orc priest.
The orc priest is moderately wounded.
The orc hits you from afar with a +0 trident.
You die... ### oo#

#o# #o# #@#
#.#
###.#######
#.........#
#...#####.#
####...###
#.#
+........#
#.#
###...#.###.#
#<..).....#


You could see an orc priest and 3 orcs.

Vanquished Creatures
  A dart slug (D:2)
  5 bats
  3 endoplasms (D:1)
  3 goblins
  A hobgoblin (D:1)
  3 jackals (D:1)
  3 quokkas (D:1)
  6 ball pythons
  2 frilled lizards (D:1)
  3 kobolds
  6 rats (D:1)
36 creatures vanquished.

Notes
Turn   | Place    | Note
-------+----------+-------------------------------------------
     0 | D:1      | sking99 the Ghoul Monk began the quest for the Orb.
     0 | D:1      | Reached XP level 1. HP: 19/19 MP: 0/0
   335 | D:1      | Reached XP level 2. HP: 23/26 MP: 1/1
   941 | D:1      | Reached skill level 4 in Unarmed Combat
   941 | D:1      | Reached XP level 3. HP: 20/31 MP: 2/2
  1958 | D:3      | HP: 1/33 [orc (5)]
  1959 | D:3      | Slain by an orc

Illustrated notes

Levels and vault maps discovered:
D:1:      ncdulo_lavacross, layout_basic
D:2:      cheibrodos_old_hovel, layout_rooms, serial_glass, glass_columns_b,
          glass_columns_a, glass_columns_a, glass_columns_c,
          minmay_strange_pillars
D:3:      layout_loops_corners, jmf_multi_god_temple, dk_noncrumbling_2,
          minmay_misc_feat_four_crosses, serial_park_tiny_1,
          guppyfry_early_orc_mine, uniq_jessica, uniq_robin, uniq_sigmund

Skill      XL: |  1  2 |
---------------+-------+-----
Dodging        | 3 |  3.0
Unarmed Combat | 4 |  4.2
Fighting       | |  3.7
Stealth        | |  2.1
Shields        | |  0.2

Action                   || total
-------------------------++-------
Melee: Unarmed           ||   119
       Punch             ||     2
 Stab: Sleeping          ||     5
Armor: Robe              ||    17
       Ring mail         ||     2
Dodge: Dodged            ||    76
Block: Kite shield       ||    13
